TKirby, chaotic male human Rogue ---------- ----- ------ .........+ |...| |..... # |........| --------- |%..| |......o@##### |........| #.........# |...| |....^ #-........| #|.......|#######.%).| |... #-----|---- #|.......|# |...| |. # ##### #|.....<.|# -.--- -- # #-----+---# ## #`##### ############# # ---+---# # ### # # |.....|######` # # # # |......######----+-------# ### # |.....| |..{....(..-# # # |.....| |..........| ##### # |......######-..........| # -.------ ------- ------------ # |......| ###|......| #.......| -------- TKirby the Cutpurse Experience level: 4 Strength: 12 Dexterity: 15 Constitution: 14 Intelligence: 14 Wisdom: 10 Charisma: 10 Health: 0(29) Energy: 18(18) Def: 3 Gold: 304 Moves: 1637 Dungeon seed: 6Q_mZODaOvWIMQYC Game ID: TKirby_1507316569 Your Inventory: Coins $ - 304 gold pieces Weapons b - 9 +0 daggers (in quiver) g - a +0 silver dagger i - 9 +0 darts s - the +0 Sting (weapon in hand) Armor e - an uncursed +1 leather armor (being worn) Comestibles j - an uncursed cream pie Scrolls l - a blessed scroll of gold detection t - an uncursed scroll of light u - a cursed scroll of remove curse v - an uncursed scroll of teleportation Spellbooks k - an uncursed spellbook of wizard lock Potions c - an uncursed potion of sickness m - an uncursed potion of booze o - an uncursed potion of gain energy Wands w - a wand of light (0:13) Tools d - an uncursed lock pick f - an uncursed sack p - an uncursed lock pick Gems n - an uncursed worthless piece of yellowish brown glass q - 2 uncursed worthless pieces of violet glass y - an uncursed worthless piece of black glass Spells and supernatural/magical abilities: Name Level Category Fail Memory w - wizard lock 2 matter 96% 98% W - pray for help -- divine ? -- Your skills at the end: Fighting Skills Weapon Skills dagger [Basic] short sword [Basic] Spellcasting Skills Final Attributes: You were piously aligned. You were aware of the presence of orcs. You were stealthy. You were lucky. You are dead. Vanquished creatures: a shrieker a floating eye a hobbit 3 giant rats a green mold 3 geckos 9 jackals a kobold a goblin 5 sewer rats 3 grid bugs 4 lichens 5 newts 38 creatures vanquished. Voluntary challenges: You followed a strict vegan diet. You were an atheist. You used a wielded weapon 46 times, starting on turn 120. You read items or engraved 5 times, starting on turn 1088. You never genocided any monsters. You never polymorphed an object. You never changed form. You used no wishes. You never split a pudding. You never wrote Elbereth's name. You never violated your personal moral code. Dungeon overview: The Dungeons of Doom: levels 1 to 4 Level 1 a long staircase Level 2 some fountains, a sink a long staircase Level 3 an armor shop, a fountain Level 4 <- You were here a fountain History has recorded: On T:1 you entered the Dungeons of Doom to retrieve the Amulet of Yendor! On T:465 you reached level 2 of The Dungeons of Doom. On T:685 you advanced to experience level 2. On T:979 you reached level 3 of The Dungeons of Doom. On T:1160 you advanced to experience level 3. On T:1264 you reached level 4 of The Dungeons of Doom. On T:1630 you advanced to experience level 4. Score breakdown: Gold: 304 ( 8450 points) Experience: 4 levels ( 9649 points) Exploration: 4 levels ( 7.84%) ( 7348 points) Discoveries: 2 items ( 0.67%) ( 2457 points) Valuables value: (no points given unless you survive) Artifact value: 800 ( 9877 points) Variety of kills: 13 monsters ( 3.41%) ( 5541 points) Turncount: 1637 turns ( 0 points) Survival: died (score multiplied by 80%) Total score: 34657 Latest messages: The door opens. You stop exploring. You hit the shrieker. You miss the shrieker. The shrieker shrieks. You hit the shrieker. (4x) You kill the shrieker! Welcome to experience level 4. You see here a green gem. The hobgoblin hurls a swirly potion! The bottle crashes on your head and breaks into shards. You feel rather tired. The hobgoblin hits! (2x) You wake up. You hit the hobgoblin. The hobgoblin swings his curved sword. The hobgoblin hits! The dagger hits the hobgoblin. The hobgoblin swings his curved sword. The hobgoblin hits! You die... The sack is empty. Final status: Goodbye TKirby the Rogue, killed by a hobgoblin... You died in The Dungeons of Doom on dungeon level 4 with 34657 points, and 304 pieces of gold, after 1637 moves. You were level 4 with a maximum of 29 hit points when you died.